Map: Ascension to Aiur LE

Players

JonSnow - Winner!

  • Race: Zerg Zerg
  • Spawn Location: 11:00

Cloudy

  • Race: Protoss Protoss
  • Spawn Location: 5:00

Event: WCS Valencia 2017

VOD

Have the link to the VOD?

Description

Time

  • Played on: July 13, 2017, 12:45 p.m.
  • Length: 11:19

All games in this series

Show
View Real Time Build Order
Export as new Build Order

JonSnow Zerg - Winner!

Build Orders: Hatch First 

Get SALT Encoding   

  12  0:00  Drone  
  13  0:12  Overlord  
  13  0:17  Drone  
  14  0:31  Drone x2  
  16  0:36  Drone  
  17  0:51  Hatchery  
  17  0:56  Drone  
  17  0:59  Drone  
  18  1:05  Extractor  
  17  1:14  Spawning Pool  
  17  1:16  Drone  
  17  1:20  Drone  
  18  1:32  Overlord  
  18  1:39  Drone  
  19  1:57  Drone  
  19  2:00  Queen  
  22  2:01  Zergling x2  
  22  2:03  Queen, Zergling x2  
  22  2:08  Metabolic Boost  
  26  2:12  Drone  
  26  2:15  Drone  
  28  2:24  Drone  
  28  2:26  Drone  
  30  2:40  Hatchery  
  29  2:45  Drone  
  29  2:46  Drone  
  31  2:57  Zergling x4  
  33  2:59  Drone  
  33  3:03  Overlord  
  34  3:07  Drone  
  34  3:11  Drone  
  36  3:19  Drone  
  36  3:23  Drone x2  
  36  3:24  Drone x4  
  41  3:29  Lair  
  41  3:30  Drone  
  42  3:40  Drone  
  43  3:41  Overlord  
  43  3:46  Extractor x2, Queen  
  43  3:47  Overlord  
  43  3:55  Overlord  
  43  3:56  Drone x3  
  43  3:58  Drone  
  43  4:00  Drone  
  43  4:01  Drone  
  49  4:03  Drone  
  49  4:04  Drone  
  49  4:07  Drone  
  52  4:11  Drone  
  52  4:19  Queen  
  52  4:23  Extractor  
  53  4:28  Hydralisk Den  
  53  4:29  Drone x2  
  53  4:30  Drone  
  55  4:32  Zergling x10  
  55  4:35  Overseer  
  60  4:39  Drone x2  
  60  4:43  Drone  
  63  4:49  Overlord  
  63  5:02  Hydralisk  
  63  5:03  Hydralisk x3  
  63  5:06  Overlord  
  72  5:11  Hydralisk x2  
  72  5:13  Hydralisk x2  
  80  5:16  Hydralisk  
  80  5:18  Muscular Augments  
  80  5:21  Zergling x2  
  80  5:24  Overlord  
  80  5:27  Baneling Nest, Overlord  
  80  5:31  Hydralisk  
  83  5:35  Zergling x2  
  83  5:45  Hydralisk x3  
  83  5:46  Zergling x2  
  80  5:50  Hydralisk  
  80  5:56  Hydralisk  
  64  5:57  Zergling x2  
  64  6:00  Hydralisk  
  65  6:07  Hydralisk  
  65  6:08  Zergling x2  
  68  6:13  Baneling x2  
  68  6:14  Zergling x2  
  68  6:15  Zergling x2  
  70  6:20  Hydralisk  
  70  6:21  Zergling x2  
  73  6:29  Hydralisk  
  73  6:30  Zergling x2  
  73  6:33  Hydralisk  
  73  6:35  Queen  
  73  6:38  Overlord  
  73  6:39  Baneling  
  77  6:53  Hatchery  
  76  7:04  Drone  
  76  7:05  Drone x3  
  76  7:06  Drone x2  
  81  7:16  Drone x2  
  81  7:18  Centrifical Hooks  
  81  7:20  Queen  
  81  7:21  Evolution Chamber  
  81  7:22  Hydralisk  
  84  7:23  Zergling x2  
  87  7:35  Hydralisk x3  
  93  7:50  Drone x4  
  93  7:51  Zerg Melee Weapons Level 1, Drone x2  
  96  7:52  Drone  
  96  7:56  Overlord  
  99  8:05  Zergling x4  
  101  8:06  Overlord  
  100  8:24  Zergling x14  
  100  8:25  Extractor  
  106  8:28  Hydralisk x2  
  106  8:29  Hydralisk x2  
  106  8:34  Zergling x2  
  115  8:39  Hydralisk x2  
  119  8:43  Zergling x2  
  119  8:48  Zergling x2  
  122  9:00  Overlord x3  
  121  9:08  Baneling x4  
  121  9:09  Baneling x10  
  121  9:10  Baneling x3  
  119  9:17  Baneling x2  
  119  9:22  Hydralisk  
  119  9:23  Hydralisk x4  
  119  9:24  Hatchery  
  102  9:39  Hydralisk x3  
  102  9:40  Zergling x2  
  105  9:47  Zergling x18  
  105  9:52  Zergling x6  
  109  9:55  Zergling x2  
  109  9:59  Zergling x4  
  112  10:09  Zergling x10  
  117  10:16  Baneling x15  
  117  10:22  Zergling x6  
  118  10:29  Hydralisk x3  
  118  10:32  Baneling  
  124  10:35  Extractor  
  124  10:41  Zergling x12  
  123  10:50  Zergling x2  
  123  10:51  Zergling x2  
Show
View Real Time Build Order
Export as new Build Order

Cloudy Protoss 

Build Orders: 1 Gate Expand 

Get SALT Encoding   

  12  0:01  Probe (Chrono Boost)  
  13  0:12  Probe (Chrono Boost)  
  14  0:19  Pylon  
  14  0:23  Probe (Chrono Boost)  
  15  0:37  Probe (Chrono Boost)  
  15  0:40  Gateway  
  16  0:45  Assimilator  
  16  0:48  Probe (Chrono Boost)  
  17  0:58  Probe (Chrono Boost)  
  18  1:09  Probe (Chrono Boost)  
  19  1:21  Nexus  
  19  1:31  Cybernetics Core  
  19  1:34  Probe (Chrono Boost)  
  20  1:41  Assimilator  
  20  1:44  Probe (Chrono Boost)  
  21  1:51  Pylon  
  21  1:55  Probe (Chrono Boost)  
  22  2:05  Probe (Chrono Boost)  
  23  2:09  Adept (Chrono Boost)  
  23  2:11  Warp Gate  
  25  2:17  Probe  
  26  2:30  Probe  
  26  2:32  Robotics Facility  
  26  2:33  Probe  
  28  2:42  Stalker (Chrono Boost)  
  28  2:43  Probe  
  31  2:44  Probe  
  32  2:55  Probe x2  
  34  2:59  Twilight Council  
  34  3:07  Probe x2 (Chrono Boost)  
  36  3:18  Probe (Chrono Boost)  
  37  3:25  Immortal (Chrono Boost)  
  38  3:32  Gateway  
  39  3:37  Charge (Chrono Boost)  
  39  3:49  Gateway  
  39  3:50  Gateway  
  39  3:57  Gateway  
  39  3:59  Warp Prism  
  39  4:05  Gateway  
  39  4:06  Gateway  
  41  4:18  Gateway  
  41  4:20  Pylon  
  41  4:26  Zealot  
  41  4:30  Pylon x2  
  43  4:41  Pylon  
  43  4:44  Pylon  
  43  5:01  Zealot  
  43  5:02  Zealot x6  
  57  5:22  Probe x2  
  57  5:24  Zealot x8  
  73  5:45  Zealot  
  73  5:46  Zealot x4  
  73  5:47  Zealot x2  
  51  6:03  Probe (Chrono Boost)  
  51  6:04  Probe (Chrono Boost)  
  45  6:15  Probe (Chrono Boost)  
  45  6:18  Zealot x8  
  48  6:35  Probe (Chrono Boost), Mothership Core (Chrono Boost)  
  48  6:38  Immortal (Chrono Boost)  
  55  6:47  Probe  
  56  6:54  Probe  
  57  7:02  Assimilator  
  57  7:06  Assimilator  
  55  7:15  Probe  
  55  7:17  Probe  
  55  7:18  Immortal (Chrono Boost)  
  61  7:26  Zealot x8  
  77  7:34  Probe, Templar Archives  
  78  7:45  Probe  
  78  8:01  Nexus  
  78  8:05  Psionic Storm  
  78  8:10  Pylon  
  78  8:11  Pylon  
  78  8:23  Immortal  
  78  8:26  Probe  
  77  8:29  High Templar  
  77  8:30  High Templar  
  85  8:35  Sentry  
  85  8:37  Probe  
  85  8:38  Probe  
  89  8:49  Probe  
  89  8:50  Probe, Sentry  
  93  9:01  Probe  
  92  9:05  Pylon  
  92  9:11  Pylon, High Templar  
  92  9:16  Forge  
  92  9:17  Zealot x7  
  94  9:38  Archon  
  82  9:42  Zealot x7  
  79  9:48  Probe x3  
  79  9:52  Immortal  
  76  9:56  Pylon  
  76  9:59  Pylon, High Templar  
  82  10:00  Probe x2  
  82  10:01  Mothership Core  
  86  10:16  Zealot, High Templar x2  
  86  10:17  Zealot x3  
  86  10:19  Probe  
  86  10:21  Archon  
  99  10:26  Immortal  
  98  10:33  High Templar  
  104  10:39  Pylon  
  104  10:40  Zealot  
  104  10:41  Zealot  
  108  10:43  Pylon  
  94  10:50  Zealot x4  
  98  10:59  Zealot  
  77  11:08  Zealot x3  
Tags
 
Add a new tag
Caveats
  • Supply blocks, unpowered buildings, or Contaminate may cause inaccurate times.
  • Supply counts are checked every 10 seconds.